← All builds
Suicide front / Armada / Factory first / OBSERVED BUILD

Standard suicide front

Bot Lab first into Rocketeer/Centurion/Pawn to contest the middle early and hold until T2 arrives, the role's baseline play.

Usually lab first (62%)

#rush · 1185 distinct matches · 125 players · 71% of Armada Suicide front games · team won 60% of 1411 · Recently observed

HOW TO PLAY IT

Key timing: Bot Lab by 0:20

  1. Open with mex and wind, drop Bot Lab immediately.
  2. Push out first "Centurion" as Pond's boost lands.
  3. Send "Rocketeer", "Centurion", "Pawn" mix to contest middle.
  4. Add Dragon's Teeth and Sentries to hold the line.
  5. Get Advanced Metal Extractor up as T2 nears.

Phase by phase

TYPICAL OF ITS 1185 GAMES
  1. 1
  2. 2
  3. 3
PLAY THE OPENING

Follow the example game's first 6:00 step by step: what to build now, what comes next, and where it goes. At 1× it keeps pace with your own game.

  1. 1

    Bot Lab first

    Order
    1. Bot LabBot Lab done ~0:20, middle half 0:20–0:33

    Some games also: mex (37%)

  2. 2

    Bot Lab to 5:00

    Economy
    • Metal Extractor5Mex
    • Wind Turbine4Wind
    Builders
    • Construction Bot3 Con bot
    • Lazarus2 Lazarus
    Army
    • Sentry4 Sentry
    • Rocketeer18 Rocketeer
    • Tick2 Tick
    • Centurion1 Centurion
    Other
    • Radar Tower1 Radar Tower

    Some games also: con turret (35%) · pawn (31%)

    By 5:00 in all: 5 mex · 5 wind

    The example game in this phase · 34 steps
    1. Wind
    2. Construction BotCon bot
    3. Wind
    4. Construction BotCon bot
    5. CenturionCenturion
    6. Mex
    7. SentrySentry
    8. LazarusLazarus
    9. Radar TowerRadar Tower
    10. Construction BotCon bot
    11. TickTick
    12. Mex
    13. RocketeerRocketeer ×2
    14. SentrySentry
    15. RocketeerRocketeer
    16. SentrySentry
    17. RocketeerRocketeer ×2
    18. SentrySentry
    19. BeamerBeamer
    20. RocketeerRocketeer
    21. BeamerBeamer
    22. RocketeerRocketeer ×4
    23. BeamerBeamer
    24. TickTick
    25. Construction BotCon bot ×2
    26. OverwatchOverwatch
    27. BeamerBeamer
    28. Construction BotCon bot
    29. RocketeerRocketeer
    30. BeamerBeamer
    31. RocketeerRocketeer ×3
    32. BeamerBeamer
    33. TickTick
    34. RocketeerRocketeer
  3. 3

    5:00 to 10:00

    Economy
    • Metal Extractor1Mex
    • Wind Turbine17Wind
    Builders
    • Construction Turret2 Con turret
    • Lazarus2 Lazarus
    • Construction Bot1 Con bot
    Army
    • Sentry1 Sentry
    • Rocketeer8 Rocketeer
    • Pawn1 Pawn

    Some games also: tick (48%) · Radar Tower (47%) · energy storage (46%) · centurion (45%) · Beamer (38%)

    By 10:00 in all: 6 mex · 23 wind · 1 energy storage · 3 con turret

    The example game in this phase · 74 steps
    1. BeamerBeamer ×2
    2. RocketeerRocketeer ×4
    3. Wind
    4. BeamerBeamer
    5. Wind
    6. TickTick
    7. Wind
    8. OverwatchOverwatch
    9. Mex
    10. RocketeerRocketeer
    11. LazarusLazarus
    12. Wind
    13. BeamerBeamer
    14. Wind ×3
    15. TickTick
    16. BeamerBeamer
    17. RocketeerRocketeer
    18. Wind
    19. RocketeerRocketeer
    20. Wind
    21. Radar TowerRadar Tower
    22. Mex
    23. RocketeerRocketeer
    24. Wind
    25. RocketeerRocketeer
    26. Wind
    27. Con turret
    28. RocketeerRocketeer ×2
    29. Con turret
    30. LazarusLazarus
    31. Energy storage
    32. Con turret
    33. OverwatchOverwatch
    34. RocketeerRocketeer
    35. Wind ×2
    36. Advanced Metal ExtractorT2 mexdone 9:11
    37. Wind ×4
    38. Dragon's TeethDragon's Teeth
    39. Advanced Metal ExtractorT2 mex
    40. Dragon's TeethDragon's Teeth
    41. Wind ×2
    42. Dragon's TeethDragon's Teeth ×3
    43. Wind
    44. Sneaky PeteSneaky Pete
    45. Wind ×4
    46. GauntletGauntletdone 10:34
    47. Wind ×4
    48. Con turret
    49. Wind ×8
    50. Con turret
    51. Wind
    52. Con turret
    53. Wind ×15
    54. Con turret
    55. Wind
    56. Con turret
    57. GauntletGauntlet
    58. Wind
    59. Con turret
    60. Wind
    61. Metal storage
    62. Advanced Metal ExtractorT2 mex
    63. Con turret
    64. Advanced Metal ExtractorT2 mex ×2
    65. Con turret ×2
    66. PersecutorPersecutornot finished by 15:00
    67. Con turret ×2
    68. BeamerBeamer
    69. PersecutorPersecutor
    70. BeamerBeamer
    71. Con turret
    72. Bot LabBot Labdone 14:58
    73. Wind ×2
    74. Construction BotCon bot

Counts are medians over the build's games: half of them build more, half fewer. The example game is Dad_The_Speedrunner's (37 OS, 19/09/2026); pick another.

Team trades

IN AT LEAST 30% OF ITS GAMES

You hand over

Nothing regular.

You get

  • Tidal Generator4 Tidal from Pondfirst at 0:10 · in 69% of games
  • Advanced Construction Bot1 T2 con bot from Geo or Techfirst at 7:30 · in 58% of games

How it plays out

Typical game of this build, running totals by minute

Metal produced

010k20k30k
0:005:0010:0015:00

metal

Enemy metal destroyed

05k10k
0:005:0010:0015:00

metal

Own metal lost

05k10k
0:005:0010:0015:00

metal

1411 games.

Show as table
ByMetal produced: This buildEnemy metal destroyed: This buildOwn metal lost: This build
1:0022600
2:0088900
3:002056172106
4:003161660486
5:00423614131020
6:00543023271785
7:00666131792732
8:00791040353631
9:00929848164516
10:001068854265336
11:001224158986080
12:001402465176842
13:001604270137523
14:001796976808336
15:002029783029228
WHAT THE NUMBERS SAY

Standard suicide front play wins slightly more than half its games with fast kills but also fast losses, matching the raw grind of the role.

  • + First kill lands by 2:04 in all games
  • + Metal produced reaches 19882 by 15:00
  • − Own metal lost hits 9208 by 15:00, near metal destroyed of 8172
  • − First unit lost as early as 2:08 in every game
THE EXAMPLE YOU ARE READING

Dad_The_Speedrunner

36.6 OS · 19/09/2026

Open source match ↗

8 received units · includes a constructor
0 metal received · 34068 energy received

Allied construction assistance is unknown. Timings are observations, not a promise of solo reproducibility.

Typical milestones

Bot Lab0:20Middle 50%: 0:20–0:33 · n=1405
Advanced Metal Extractor9:37Middle 50%: 8:41–10:48 · n=1035

Played most by

_X_252games of this buildPlatinumBlonde166games of this buildXad109games of this buildImmort62games of this buildwatermeloans58games of this build